AoeStats
← IxRuedaCxI

Arabia

510577118Analyzed
1v1 RM · 15h ago on Oct 1, 2026· 27m 49s· 2 players
Game mode
Random Map
Map size
Tiny (2 player)
Population
200
Speed
Normal
Resources
Standard
Victory
Conquest
Starting age
Dark Age
Ending age
Imperial Age
RankedLock teamsTeams togetherTeam positionsShared explorationLock speedFull tech treeHidden civsTurbo modeCheats
Victory
Defeat
🇵🇹 Mongols · Portugal
1287
+15
🇨🇴 Teutons · Colombia
1265
-15
IxRuedaCxI
6:14 Loom
9:36 Feudal Age
15:46 Forging
16:55 Double-Bit Axe
19:51 Wheelbarrow
20:43 Fletching
21:32 Padded Archer Armor
TriTone
6:36 Loom
8:50 Feudal Age
8:59 Man-at-Arms
15:55 Fletching
20:28 Double-Bit Axe
25:09 Castle Age
24:52 Forging
24:48 Scale Barding Armor
25:59 Bloodlines
Connection lost

Rejoining the realm…

Still unreachable

The connection could not be restored.

Session expired

The server has moved on; the page needs a fresh start.